 Dungeon Crawl Stone Soup version 0.19.0-9-gfd783f2 (webtiles) character file.

371683 DevlanMud the Slayer (level 21, -11/223 HPs)
             Began as a Demonspawn Gladiator on Nov 7, 2016.
             Was the Champion of Trog.
             Mangled by a stone giant (18 damage)
             ... while paralysed by something
             ... on level 1 of the Depths on Nov 8, 2016.
             The game lasted 03:44:40 (45125 turns).

DevlanMud the Slayer (Demonspawn Gladiator)        Turns: 45125, Time: 03:44:41

Health: -11/223    AC: 33    Str: 36    XL:     21   Next: 71%
Magic:  21/21      EV:  2    Int: 10    God:    Trog [******]
Gold:   1096       SH:  0    Dex: 21    Spells: 0 memorised, 20 levels left

rFire  + + .     SeeInvis .     c - +9 demon whip (vamp)
rCold  + + .     Gourm    .     B - +0 fire dragon scales
rNeg   + . .     Faith    .     a - +9 shield of Zawamacs {rPois rCorr Dex+3 Stlth-}
rPois  +         Spirit   .     b - +2 helmet "Zuguphimm" {Str+6}
rElec  +         Reflect  +     V - +0 cloak {rC+}
rCorr  +         Harm     .     m - +0 pair of gloves
MR     +....                    (boots unavailable)
Stlth  +++++.....               R - +6 amulet of reflection
                                O - ring "Vemaotoz" {rElec rN+ MR- Str+2 Dex+3}
                                q - ring "Efurates" {rC+ MR+ Str+4}

@: paralysed
A: hooves 3, icy blue scales 2, cold resistance 1, icemail, nightstalker 3,
regeneration 1, robust 2, freezing cloud immunity
a: Berserk, Trog's Hand, Brothers in Arms, Burn Spellbooks, Renounce Religion
}: 2/15 runes: decaying, serpentine


You were on level 1 of the Depths.
You worshipped Trog.
Trog was exalted by your worship.
You were not hungry.

You visited 8 branches of the dungeon, and saw 37 of its levels.
You visited the Abyss 1 time.
You also visited: Labyrinth, Ice Cave and Desolation.

You collected 4912 gold pieces.
You spent 3816 gold pieces at shops.

Inventory:

Hand Weapons
 c - a +9 vampiric demon whip (weapon)
Missiles
 d - 3 throwing nets
 g - 612 stones
 G - 18 poisoned javelins (quivered)
Armour
 a - the +9 shield of Zawamacs (worn) {rPois rCorr Dex+3 Stlth-}
   (You bought it in a shop on level 2 of the Orcish Mines)

   It affects your dexterity (+3).
   It protects you from poison.
   It protects you from acid and corrosion.
   It makes you less stealthy.
 b - the +2 helmet "Zuguphimm" (worn) {Str+6}
   (You bought it in a shop on level 2 of the Orcish Mines)

   It affects your strength (+6).
 m - a +0 pair of gloves (worn)
 B - +0 fire dragon scales (worn)
 V - a +0 cloak of cold resistance (worn)
Jewellery
 q - the ring "Efurates" (left hand) {rC+ MR+ Str+4}
   (You bought it in a shop on level 4 of the Snake Pit)

   [ring of protection from magic]

   It affects your strength (+4).
   It protects you from cold.
   It affects your resistance to hostile enchantments.
 O - the ring "Vemaotoz" (right hand) {rElec rN+ MR- Str+2 Dex+3}
   (You found it in the Desolation of Salt)

   [ring of dexterity]

   It affects your strength (+2).
   It affects your dexterity (+3).
   It insulates you from electricity.
   It protects you from negative energy.
   It affects your resistance to hostile enchantments.
 R - a +6 amulet of reflection (around neck)
Wands
 J - a wand of teleportation (6/9)
 L - a wand of digging (7/24)
 U - a wand of disintegration (16/24)
Scrolls
 i - 9 scrolls of teleportation
 s - 6 scrolls of blinking
 v - 5 scrolls of recharging
 w - 6 scrolls of fear
 x - 2 scrolls of silence
 A - 5 scrolls of identify
 E - 6 scrolls of fog
 M - 17 scrolls of remove curse
Potions
 h - 7 potions of heal wounds
 j - 2 potions of ambrosia
 k - 12 potions of curing
 o - 4 potions of agility
 p - 3 potions of might
 u - 2 potions of haste
 C - 6 potions of invisibility
 F - 2 potions of resistance
Comestibles
 f - 19 bread rations
 n - a slice of pizza
 r - 9 meat rations
 z - 2 royal jellies
 N - 18 fruits


   Skills:
 + Level 21.0 Fighting
 - Level 16.0 Maces & Flails
 - Level 4.0 Throwing
 * Level 15.6 Armour
 * Level 11.6 Dodging
 * Level 9.1 Stealth
 - Level 15.5 Shields
 + Level 0.4 Evocations


You had 20 spell levels left.
You didn't know any spells.

Dungeon Overview and Level Annotations

Branches:
Dungeon (15/15)            Temple (1/1) D:5            Lair (6/6) D:11
  Swamp (4/4) Lair:2        Snake (4/4) Lair:3        Slime (0/5) Lair:6
    Orc (2/2) D:12            Elf (0/3) Orc:2        Vaults (4/5) D:13
  Crypt (0/3) Vaults:2     Depths (1/5) D:15

Altars:
Ashenzari
Cheibriados
Dithmenos
Elyvilon
Fedhas
Gozag
Hepliaklqana
Kikubaaqudgha
Makhleb
Nemelex Xobeh
Okawaru
Qazlal
Ru
Sif Muna
Trog
Uskayaw
Vehumet
Xom
Yredelemnul
Zin
The Shining One
Beogh

Shops:
D:6 }   D:7 ?   D:9 :*   D:11 (   D:15 %   Orc:2 [[(*   Snake:4 =}=
Vaults:4 *?:[!


Innate Abilities, Weirdness & Mutations

You have hooves in place of feet.
You are mostly covered in icy blue scales. (AC +3)
Your flesh is cold resistant. (rC+)
A meltable icy envelope protects you from harm. (AC +10)
You are completely attuned to the shadows.
You are very robust. (+20% HP)
You are immune to freezing clouds.
Your natural rate of healing is unusually fast.


Message History

The two-headed ogre hits you with a giant spiked club.
* * * LOW HITPOINT WARNING * * *
The two-headed ogre hits you with a giant club.
* * * LOW HITPOINT WARNING * * *
The ogre mage hits you but does no damage.
Something hits you!
* * * LOW HITPOINT WARNING * * *
Something bites you but does no damage. Something hits you but does no damage.
The stone giant hits you but does no damage.
The ogre mage hits you but does no damage.
The two-headed ogre hits you with a giant spiked club!
* * * LOW HITPOINT WARNING * * *
The two-headed ogre hits you with a giant club!
* * * LOW HITPOINT WARNING * * *
Something hits you but does no damage. Something bites you but does no damage.
The ogre mage gestures at you while chanting.
The bolt of lightning hits you! You resist.
* * * LOW HITPOINT WARNING * * *
Something hits you but does no damage. The stone giant hits you!!
You die...

#.####.>.
#.........
#.........
##.........
##..........
#<.....)....
.......#...O...
.........#){...
.........)@C...
.....##...)O{..
#####(... ####


You could see a stone giant, an ogre mage and a two-headed ogre.

Vanquished Creatures
  Sojobo (Vaults:2)
  Vashnia (Snake:2)
  Saint Roka (Orc:2)
  Nikola (Snake:1)
  3 thorn hunters
  11 nagarajas
  2 tengu reavers
  A revenant (Vaults:2)
  Kirke (Snake:1)
  Roxanne (Snake:2)
  A frost giant (Depths:1)
  Aizul (Vaults:4)
  2 fire giants
  12 vault wardens
  An imperial myrmidon (Desolation)
  An orc warlord (Orc:1)
  13 ironheart preservers
  4 very ugly things
  4 stone giants
  2 deep elf demonologists (Vaults:1)
  3 entropy weavers
  2 halazid warlocks (Desolation)
  Azrael (D:12)
  Snorg (D:11)
  3 ettins
  A minotaur (Lab)
  A crystal guardian (Desolation)
  4 fire dragons
  Josephine (Lair:6)
  5 yaktaur captains
  5 ice dragons
  A great orb of eyes (Vaults:2)
  2 ragged hierophants (Desolation)
  3 rakshasas
  13 vault guards
  24 naga warriors
  9 servants of whispers (Desolation)
  19 hydras
  9 peacekeepers
  11 anacondas
  4 death knights
  6 centaur warriors
  13 ogre magi
  15 alligators
  A deep troll shaman (Vaults:2)
  2 orc high priests
  A vampire mage (Vaults:1)
  5 death yaks (Lair:4)
  A queen ant (Lair:6)
  10 naga sharpshooters
  7 deep elf knights
  6 shock serpents
  4 skeletal warriors
  A sixfirhy (D:9)
  3 shadow wraiths
  11 swamp dragons
  A fire crab (Lair:6)
  2 unseen horrors
  A glowing orange brain (Depths:1)
  An iron troll (D:13)
  2 spriggan druids
  6 deep trolls
  8 deep elf archers
  A salamander mystic (Snake:4)
  A hill giant (shapeshifter) (D:14)
  9 shambling mangroves
  3 starcursed masses (Abyss:2)
  A flayed ghost (Vaults:4)
  9 naga ritualists
  6 wizards
  A lindwurm (shapeshifter) (Vaults:2)
  12 orc knights
  2 phantasmal warriors
  16 ironbrand convokers
  A harpy (shapeshifter) (Vaults:3)
  14 hill giants
  2 necromancers
  2 oklob plants (Swamp:2)
  13 deep elf magi
  A sphinx skeleton (D:15)
  A wolf spider zombie (D:14)
  8 mana vipers
  A wolf spider (Vaults:1)
  2 manticores
  35 ugly things
  7 salamanders
  7 orc sorcerers
  3 cyclopes
  15 elephants
  44 black mambas
  A moth of wrath (shapeshifter) (D:13)
  10 guardian serpents
  A spriggan zombie (D:15)
  An ice statue (IceCv)
  4 centaur zombies
  3 centaur skeletons
  A torpor snail (Lair:5)
  6 molten gargoyles
  10 vault sentinels
  13 naga magi
  A spiny frog (shapeshifter) (Vaults:1)
  10 spiny frogs
  2 gargoyles (D:14)
  An efreet (D:14)
  24 yaktaurs
  2 anaconda simulacra (IceCv)
  5 ice devils (IceCv)
  13 komodo dragons
  2 rime drakes
  15 freezing wraiths
  A yaktaur skeleton (D:15)
  A queen bee (Lair:2)
  2 golden dragon simulacra (IceCv)
  The ghost of buriedalive the Firebug, an amateur OgFE of the Shining One (D:5)
  A wind drake (shapeshifter) (Vaults:4)
  6 trolls
  3 two-headed ogres (shapeshifter)
  21 two-headed ogres
  20 hornets
  A harpy skeleton (D:14)
  30 blink frogs
  8 tyrant leeches
  11 hippogriffs
  24 slime creatures
  9 bog bodies
  59 saltlings (Desolation)
  A stone giant simulacrum (Vaults:2)
  A hippogriff (shapeshifter) (D:14)
  9 spriggans
  4 redbacks
  A meliai zombie (D:14)
  5 dream sheep (Lair:5)
  3 shadows
  42 yaks
  2 fire elementals
  A vampire (D:15)
  11 wraiths
  6 wyverns
  9 hogs
  2 dire elephant simulacra (IceCv)
  An ice dragon skeleton (D:15)
  5 basilisks
  A human (D:8)
  Menkaure (D:4)
  2 steam dragons (Lair:6)
  A death yak simulacrum (IceCv)
  3 mottled dragons
  9 hungry ghosts
  13 vampire mosquitoes
  7 wargs
  6 harpy simulacra (IceCv)
  A human simulacrum (Vaults:3)
  25 insubstantial wisps
  24 soldier ants (Lair:6)
  72 nagas
  An iron troll simulacrum (IceCv)
  A hydra simulacrum (IceCv)
  Duvessa (D:7)
  14 water moccasins
  12 porcupines
  18 swamp worms
  7 hell hounds
  3 ice beasts (D:7)
  13 swamp drakes
  49 orc warriors
  8 sky beasts
  2 black bears
  An ettin simulacrum (IceCv)
  An alligator simulacrum (IceCv)
  An eye of draining (D:10)
  58 ogres
  A necrophage (D:12)
  An eye of draining (shapeshifter) (Vaults:1)
  5 boggarts (Vaults:3)
  3 phantoms
  9 wolves
  A wolf (shapeshifter) (Vaults:1)
  11 centaurs
  11 crocodiles
  17 bullfrogs
  2 wyvern zombies
  An elf simulacrum (Vaults:1)
  Dowan (D:7)
  2 scorpions
  3 jellies
  14 killer bees (Lair:2)
  5 howler monkeys
  15 wights
  2 electric eels (Lair:4)
  11 lava snakes
  8 crimson imps
  The ghost of btp524 the Digger, a weakling GrEE (D:3)
  9 hounds
  2 quasits (D:13)
  A bullfrog zombie (D:10)
  2 draconian simulacra (IceCv)
  37 orc wizards
  3 bullfrog skeletons
  27 orc priests
  5 iguanas
  A polar bear simulacrum (IceCv)
  27 worker ants
  A troll simulacrum (IceCv)
  2 spriggan simulacra (IceCv)
  A wolf simulacrum (IceCv)
  A centaur simulacrum (IceCv)
  2 hound skeletons
  Robin (D:2)
  A worker ant zombie (D:5)
  9 gnolls
  A howler monkey zombie (D:6)
  7 adders
  5 naga simulacra (IceCv)
  2 ogre simulacra (IceCv)
  4 shadow imps
  2 white imps (IceCv)
  6 ufetubi
  4 oozes
  An adder skeleton (D:4)
  3 worms
  3 dart slugs
  10 leopard geckos
  157 orcs
  6 bats
  6 giant cockroaches
  12 goblins
  11 hobgoblins
  15 jackals
  5 kobolds
  5 quokkas
  A ball python (D:5)
  3 frilled lizards
  A quokka skeleton (D:9)
  4 rats
  6 fungi (Swamp:2)
  2 plants (Swamp:2)
1829 creatures vanquished.

Vanquished Creatures (collateral kills)
  Bai Suzhen (Snake:4)
  An Ice Fiend (IceCv)
  3 nagarajas (Snake:4)
  An imperial myrmidon (Desolation)
  A stone giant (Orc:1)
  3 ragged hierophants (Desolation)
  A naga warrior (Snake:4)
  2 anacondas (Snake:4)
  2 naga sharpshooters
  A deep elf mage (D:12)
  An ironbrand convoker (Desolation)
  A cyclops (Vaults:2)
  A guardian serpent (Desolation)
  A molten gargoyle (Desolation)
  A hornet (D:10)
  2 saltlings (Desolation)
  4 slime creatures (D:12)
  A fire elemental (D:12)
  A hell hound (D:12)
  An orc warrior (D:12)
  An orc priest (D:12)
  An orc wizard (D:12)
  5 orcs (D:12)
37 creatures vanquished.

Vanquished Creatures (others)
  A vault guard (Vaults:3)
  An anaconda (Snake:1)
  3 centaur warriors
  2 naga sharpshooters
  A deep elf mage (Vaults:1)
  2 cyclopes
  4 yaktaurs (Vaults:2)
  A saltling (Desolation)
  A spriggan (Swamp:3)
  2 nagas (Snake:4)
  A warg (Vaults:2)
  An ogre (Depths:1)
  6 centaurs
  A wyvern zombie (D:14)
  A white imp (IceCv)
  An ufetubus (IceCv)
  2 orcs
  2 briar patches (Swamp:2)
  16 fungi
  3 plants (Swamp:2)
52 creatures vanquished.

Grand Total: 1918 creatures vanquished

Notes
Turn   | Place    | Note
-------+----------+-------------------------------------------
     0 | D:1      | DevlanMud the Demonspawn Gladiator began the quest for the Orb.
     0 | D:1      | Reached XP level 1. HP: 16/16 MP: 1/1
   232 | D:1      | Gained mutation: Your flesh is cold resistant. (rC+) [demonic ancestry]
   232 | D:1      | Reached XP level 2. HP: 13/22 MP: 2/2
   629 | D:2      | Noticed Robin
   786 | D:2      | Reached XP level 3. HP: 23/27 MP: 3/3
   939 | D:2      | Killed Robin
  1013 | D:2      | Reached XP level 4. HP: 34/34 MP: 4/4
  1286 | D:2      | Found a faded altar of an unknown god.
  1304 | D:2      | Became a worshipper of Trog the Wrathful
  1304 | D:2      | Reached * piety under Trog
  1747 | D:3      | Noticed btp524's ghost (weakling GrEE)
  1759 | D:3      | Killed btp524's ghost
  1759 | D:3      | Reached skill level 1 in Armour
  1950 | D:3      | Reached XP level 5. HP: 39/39 MP: 5/5
  2482 | D:4      | Found a shimmering altar of Xom.
  2512 | D:4      | Reached ** piety under Trog
  2523 | D:4      | Gained mutation: You have large cloven feet. [demonic ancestry]
  2523 | D:4      | Reached XP level 6. HP: 46/46 MP: 6/6
  2609 | D:4      | Reached skill level 3 in Fighting
  2612 | D:4      | Reached skill level 5 in Maces & Flails
  2726 | D:4      | Noticed Menkaure
  2737 | D:4      | Killed Menkaure
  3037 | D:5      | Entered Level 5 of the Dungeon
  3043 | D:5      | Found a basalt altar of Yredelemnul.
  3069 | D:5      | Noticed a water moccasin
  3077 | D:5      | Killed a water moccasin
  3077 | D:5      | Reached XP level 7. HP: 52/52 MP: 7/7
  3279 | D:5      | Found a burning altar of Makhleb.
  3533 | D:5      | Reached skill level 1 in Shields
  3680 | D:5      | Found a staircase to the Ecumenical Temple.
  3689 | Temple   | Entered the Ecumenical Temple
  4141 | D:5      | Noticed buriedalive's ghost (amateur OgFE)
  4149 | D:5      | Killed buriedalive's ghost
  4149 | D:5      | Reached skill level 4 in Fighting
  4149 | D:5      | Gained mutation: You have hoof-like feet. [demonic ancestry]
  4149 | D:5      | Reached XP level 8. HP: 60/60 MP: 8/8
  4341 | D:6      | Reached *** piety under Trog
  4519 | D:6      | Found a radiant altar of Vehumet.
  4520 | D:6      | Found a glowing golden altar of the Shining One.
  4797 | D:6      | Found Egyfej's Quality Used Wands.
  4960 | D:7      | Found a glowing silver altar of Zin.
  5420 | D:7      | Found Bucuefopp's Magic Scroll Emporium.
  5464 | D:7      | Reached XP level 9. HP: 65/65 MP: 9/9
  5619 | D:7      | Noticed Duvessa
  5630 | D:7      | Noticed Dowan
  5631 | D:7      | Killed Duvessa
  5633 | D:7      | Killed Dowan
  5639 | D:7      | Gained mutation: Scrolls take you a little longer to read. [potion of mutation]
  5639 | D:7      | Gained mutation: Your natural rate of healing is unusually fast. [potion of mutation]
  5639 | D:7      | Lost mutation: Scrolls take you a little longer to read. [potion of mutation]
  5805 | D:7      | Reached skill level 5 in Shields
  6095 | D:7      | Reached **** piety under Trog
  6095 | D:7      | Reached skill level 10 in Maces & Flails
  6260 | D:8      | Gained mutation: You are slightly more attuned to the shadows. [demonic ancestry]
  6260 | D:8      | Reached XP level 10. HP: 46/71 MP: 10/10
  6350 | D:8      | Reached skill level 5 in Armour
  6535 | D:8      | Received a gift from Trog
  6921 | D:9      | Found Imaob's Book Shop.
  6938 | D:9      | Found Suoror's Changing Room.
  7263 | D:9      | Found a runed door.
  7263 | D:9      | Noticed a sixfirhy
  7813 | D:10     | Entered Level 10 of the Dungeon
  7858 | D:10     | Reached ***** piety under Trog
  7878 | D:10     | Paralysed by a hornet for 2 turns
  7884 | D:10     | Paralysed by a hornet for 3 turns
  8185 | D:10     | Noticed a hill giant
  8192 | D:10     | Killed a hill giant
  8192 | D:10     | Gained mutation: You are immune to freezing clouds. [demonic ancestry]
  8192 | D:10     | Reached XP level 11. HP: 77/77 MP: 8/11
  8588 | D:10     | Got a fine flail
  8589 | D:10     | Identified the +6 flail of the Pit {pain, +Inv Str+3} (You found it on level 10 of the Dungeon)
  9188 | D:11     | Noticed a hill giant
  9196 | D:11     | Killed a hill giant
  9267 | D:11     | Found a staircase to the Lair.
  9268 | D:11     | Noticed Snorg
  9292 | D:11     | Killed Snorg
  9510 | D:11     | Found Gecamame's Antique Weapon Shop.
  9574 | D:11     | Reached skill level 5 in Fighting
 10163 | D:12     | Noticed a red ugly thing
 10174 | D:11     | Killed a red ugly thing
 10399 | D:12     | Received a gift from Trog
 10791 | D:12     | Noticed a hill giant
 10798 | D:12     | Killed a hill giant
 10872 | D:12     | Reached XP level 12. HP: 78/86 MP: 12/12
 10910 | D:12     | Found a staircase to the Orcish Mines.
 10949 | D:12     | Noticed Azrael
 10973 | D:12     | Killed Azrael
 11254 | Orc:1    | Entered Level 1 of the Orcish Mines
 11318 | D:12     | Reached skill level 6 in Fighting
 11807 | Orc:1    | Received a gift from Trog
 11818 | Orc:1    | Noticed an orc high priest
 12046 | Orc:1    | Killed an orc high priest
 12072 | Orc:1    | Noticed an orc warlord
 12093 | Orc:1    | Killed an orc warlord
 12213 | Orc:1    | Noticed a stone giant
 12232 | Orc:1    | Killed a stone giant
 12465 | Orc:2    | Entered Level 2 of the Orcish Mines
 12489 | Orc:2    | Found a labyrinth entrance.
 12497 | Lab      | Entered a labyrinth
 13652 | Lab      | Noticed a minotaur
 13656 | Lab      | Received a gift from Trog
 13662 | Lab      | Killed a minotaur
 13662 | Lab      | Gained mutation: You are partially covered in icy blue scales. (AC +2) [demonic ancestry]
 13662 | Lab      | Reached XP level 13. HP: 41/95 MP: 13/13
 13682 | Lab      | Identified a +3 rod of ignition (12/12) (You took it off a minotaur in a labyrinth)
 13718 | Orc:2    | Paralysed by an orc sorcerer for 4 turns
 13792 | Orc:1    | Paralysed by an orc sorcerer for 7 turns
 13978 | Lair:1   | Entered Level 1 of the Lair of Beasts
 14074 | Lair:1   | Reached skill level 7 in Fighting
 14277 | Lair:1   | Identified a +3 rod of inaccuracy (9/9) (You found it in a labyrinth)
 15108 | Lair:2   | Reached skill level 10 in Shields
 15303 | Lair:2   | Found a staircase to the Swamp.
 15752 | Lair:3   | Found a staircase to the Snake Pit.
 16549 | Lair:4   | Reached skill level 15 in Maces & Flails
 16946 | Lair:4   | Reached skill level 8 in Fighting
 17323 | Lair:4   | Received a gift from Trog
 17323 | Lair:4   | Gained mutation: You are mostly covered in icy blue scales. (AC +3) [demonic ancestry]
 17323 | Lair:4   | Reached XP level 14. HP: 105/105 MP: 14/14
 18251 | D:7      | Bought a scroll of enchant weapon for 112 gold pieces
 18251 | D:7      | Bought a scroll of enchant weapon for 112 gold pieces
 19064 | Lair:6   | Entered Level 6 of the Lair of Beasts
 19273 | Lair:6   | Reached skill level 9 in Fighting
 19322 | Lair:6   | Noticed Josephine
 19343 | Lair:6   | Killed Josephine
 19425 | Lair:6   | Received a gift from Trog
 19459 | Lair:6   | Noticed an entropy weaver
 19463 | Lair:6   | Noticed an entropy weaver
 19481 | Lair:6   | Killed an entropy weaver
 19703 | Lair:6   | Killed an entropy weaver
 19838 | Lair:6   | Found a staircase to the Slime Pits.
 20518 | Lair:6   | Received a gift from Trog
 20564 | Lair:6   | Found a large runed door.
 20565 | Lair:6   | Found a large runed door.
 21059 | D:13     | Gained mutation: A meltable icy envelope protects you from harm. (AC +10) [demonic ancestry]
 21059 | D:13     | Reached XP level 15. HP: 115/115 MP: 15/15
 21113 | D:13     | Found a gate to the Vaults.
 21513 | D:13     | Reached skill level 10 in Fighting
 21577 | D:13     | Found a deep blue altar of Sif Muna.
 22146 | D:14     | Identified a scroll of acquirement
 22148 | D:14     | Got a pair of smoking boots
 22154 | D:14     | Identified the -1 pair of boots of the Evening {Dex+2 SInv} (You acquired it on level 14 of the Dungeon)
 22354 | D:14     | Reached ****** piety under Trog
 22512 | D:14     | Received a gift from Trog
 22841 | D:15     | Entered Level 15 of the Dungeon
 22968 | D:15     | Found an ancient bone altar of Kikubaaqudgha.
 23188 | D:15     | Reached skill level 11 in Fighting
 23200 | D:15     | Received a gift from Trog
 23238 | D:15     | Found a staircase to the Depths.
 23251 | D:15     | Reached skill level 10 in Armour
 23534 | D:15     | Found Apritesk's Food Shop.
 24037 | Swamp:1  | Entered Level 1 of the Swamp
 24270 | Swamp:1  | Reached XP level 16. HP: 124/126 MP: 16/16
 24421 | Swamp:1  | Reached skill level 15 in Shields
 25009 | Swamp:2  | Found a frozen archway.
 25022 | IceCv    | Entered an ice cave
 25043 | IceCv    | Received a gift from Trog
 25205 | IceCv    | Reached skill level 5 in Dodging
 25251 | IceCv    | Received a gift from Trog
 25569 | IceCv    | Noticed an Ice Fiend
 25745 | IceCv    | Killed an Ice Fiend
 25745 | IceCv    | Reached skill level 12 in Fighting
 25820 | IceCv    | Identified the Tome of Malediction and Displacement
 27004 | Swamp:2  | Noticed a thorn hunter
 27029 | Swamp:2  | Killed a thorn hunter
 27081 | Swamp:2  | Noticed a thorn hunter
 27096 | Swamp:2  | Killed a thorn hunter
 27137 | Swamp:2  | Got a crystal whip
 27156 | Swamp:2  | Received a gift from Trog
 27156 | Swamp:2  | Reached skill level 13 in Fighting
 27556 | Swamp:3  | Received a gift from Trog
 28229 | Swamp:4  | Entered Level 4 of the Swamp
 28592 | Swamp:4  | Gained mutation: You have hooves in place of feet. [demonic ancestry]
 28592 | Swamp:4  | Reached XP level 17. HP: 138/138 MP: 17/17
 28618 | Swamp:4  | Received a gift from Trog
 28655 | Swamp:4  | Reached skill level 14 in Fighting
 28778 | Swamp:4  | Received a gift from Trog
 28791 | Swamp:4  | Reached skill level 1 in Stealth
 28910 | Swamp:4  | Got a decaying rune of Zot
 29318 | Snake:1  | Entered Level 1 of the Snake Pit
 29374 | Snake:1  | Noticed Kirke
 29429 | Snake:1  | Killed Kirke
 29620 | Snake:1  | Noticed Nikola
 29657 | Snake:1  | Killed Nikola
 29751 | Snake:1  | Received a gift from Trog
 30069 | Snake:1  | Received a gift from Trog
 30097 | Snake:1  | Reached skill level 15 in Fighting
 30280 | Snake:2  | Noticed Roxanne
 30313 | Snake:2  | Killed Roxanne
 30503 | Snake:2  | Noticed Vashnia
 30532 | Snake:2  | Killed Vashnia
 30557 | Snake:2  | Got a coiled garnet amulet
 31001 | Snake:2  | Reached skill level 5 in Stealth
 31136 | Snake:2  | Gained mutation: You are robust. (+10% HP) [demonic ancestry]
 31136 | Snake:2  | Reached XP level 18. HP: 143/166 MP: 18/18
 32047 | Snake:3  | Reached skill level 16 in Fighting
 32764 | D:9      | Identified the amulet "Idawen" {Gourm Dex+3} (You found it on level 2 of the Snake Pit)
 33030 | Snake:4  | Entered Level 4 of the Snake Pit
 33379 | Snake:4  | Noticed Bai Suzhen
 33399 | Snake:4  | Killed Bai Suzhen
 33436 | Snake:4  | Received a gift from Trog
 33911 | Snake:4  | Found Bepocaoh's Jewellery Emporium.
 33911 | Snake:4  | Found Eheat's Gadget Shop.
 33912 | Snake:4  | Found Zubemmu's Jewellery Emporium.
 33931 | Snake:4  | Bought the ring of Shaolin {EV+8} for 1920 gold pieces
 34119 | Snake:4  | Reached skill level 17 in Fighting
 34194 | Snake:4  | Received a gift from Trog
 34482 | Snake:4  | Got a serpentine rune of Zot
 34677 | Snake:4  | Gained mutation: You are very robust. (+20% HP) [demonic ancestry]
 34677 | Snake:4  | Reached XP level 19. HP: 153/193 MP: 19/19
 35186 | Orc:2    | Received a gift from Trog
 35294 | Orc:2    | Found a roughly hewn altar of Beogh.
 35321 | Orc:2    | Found Tarph's General Store.
 35351 | Orc:2    | Found a staircase to the Elven Halls.
 35388 | Orc:2    | Received a gift from Trog
 35407 | Orc:2    | Found a roughly hewn altar of Beogh.
 35451 | Orc:2    | Found a roughly hewn altar of Beogh.
 35530 | Orc:2    | Found a roughly hewn altar of Beogh.
 35598 | Orc:2    | Found a roughly hewn altar of Beogh.
 35695 | Orc:2    | Noticed Saint Roka
 35739 | Orc:2    | Killed Saint Roka
 35773 | Orc:2    | Found Zuabyre's Antique Weapon Emporium.
 35774 | Orc:2    | Found Ahuh's Antique Armour Shoppe.
 35774 | Orc:2    | Found a roughly hewn altar of Beogh.
 35785 | Orc:2    | Bought a slimy shield for 332 gold pieces
 35795 | Orc:2    | Identified the +9 shield of Zawamacs {rPois rCorr Dex+3 Stlth-} (You bought it in a shop on level 2 of the Orcish Mines)
 35896 | Orc:2    | Paralysed by an orc sorcerer for 3 turns
 36045 | Orc:2    | Found a roughly hewn altar of Beogh.
 36066 | Orc:2    | Found Effenlya's Armour Boutique.
 36073 | Orc:2    | Bought the +2 helmet "Zuguphimm" {Str+6} for 409 gold pieces
 36270 | Vaults:1 | Entered Level 1 of the Vaults
 36387 | Orc:2    | Bought an uncursed ring of positive energy for 220 gold pieces
 36643 | Vaults:1 | Received a gift from Trog
 36739 | Vaults:1 | Paralysed by a wizard for 7 turns
 37248 | Vaults:1 | Noticed a Brimstone Fiend
 37431 | Vaults:1 | Reached skill level 18 in Fighting
 37497 | Vaults:1 | Found a basalt altar of Yredelemnul.
 37618 | Vaults:1 | Paralysed by an ogre mage for 5 turns
 37794 | Vaults:1 | Received a gift from Trog
 37946 | Vaults:1 | Cast into level 2 of the Abyss (a deep elf demonologist)
 38048 | Vaults:1 | Escaped the Abyss
 38248 | Vaults:1 | Received a gift from Trog
 38638 | Vaults:2 | Received a gift from Trog
 38639 | Vaults:2 | Noticed Sojobo
 38676 | Vaults:2 | Killed Sojobo
 38695 | Vaults:1 | Gained mutation: You are significantly more attuned to the shadows. [demonic ancestry]
 38695 | Vaults:1 | Reached XP level 20. HP: 144/206 MP: 20/20
 38982 | Vaults:2 | Reached skill level 19 in Fighting
 39142 | Vaults:2 | Found a staircase to the Crypt.
 39571 | Vaults:2 | Received a gift from Trog
 40166 | Vaults:3 | Reached skill level 15 in Armour
 40364 | Vaults:3 | Received a gift from Trog
 40725 | Vaults:3 | Reached skill level 10 in Dodging
 41126 | Vaults:3 | Reached skill level 20 in Fighting
 41669 | Vaults:4 | Found a ruined gateway.
 41690 | Desolati | Entered the Desolation of Salt
 41754 | Desolati | Received a gift from Trog
 42065 | Desolati | Noticed mamga's ghost (adept DDCK)
 42082 | Desolati | Gained mutation: You are completely attuned to the shadows. [demonic ancestry]
 42082 | Desolati | Reached XP level 21. HP: 201/219 MP: 21/21
 42295 | Desolati | Received a gift from Trog
 42558 | Desolati | Identified the Collected Works on the Enthralling Entourage
 42581 | Desolati | Got a jewelled scale mail
 42683 | Desolati | Got a smoking copper ring
 42684 | Desolati | Identified the ring "Vemaotoz" {rElec rN+ MR- Str+2 Dex+3} (You found it in the Desolation of Salt)
 42921 | Desolati | Received a gift from Trog
 42956 | Desolati | Identified the cursed +1 scale mail "Mizxaluyb" {+Fly Int+3} (You found it in the Desolation of Salt)
 43567 | Vaults:4 | Noticed Aizul
 43606 | Vaults:4 | Killed Aizul
 43744 | Vaults:4 | Received a gift from Trog
 43810 | Vaults:4 | Found Upeuc's Assorted Antiques.
 43810 | Vaults:4 | Found Hajikhla's Magic Scroll Emporium.
 44164 | Vaults:4 | Found Anukuado's Distillery.
 44274 | Vaults:4 | Found Zolodaoj's Antique Armour Emporium.
 44278 | Vaults:4 | Found Weamonis's Book Boutique.
 44754 | Snake:4  | Bought the ring "Efurates" {rC+ MR+ Str+4} for 711 gold pieces
 45057 | Depths:1 | Entered Level 1 of the Depths
 45114 | Depths:1 | Reached skill level 21 in Fighting
 45118 | Depths:1 | Paralysed by something for 7 turns
 45125 | Depths:1 | HP: 9/223 [two-headed ogre/giant spiked club (12)]
 45125 | Depths:1 | Mangled by a stone giant

Skill      XL: |  1  2  3  4  5  6  7  8  9 10 11 12 13 14 15 16 17 18 19 20 21 |
---------------+----------------------------------------------------------------+-----
Maces & Flails | 3 4 5 7 8 10 11 13 14 15 16 | 16.0
Dodging        | 3 4 6 7 9 10 11 | 11.6
Throwing       | 2 4 |  4.0
Armour         | 1 2 3 4 5 6 7 8 9 10 11 12 13 14 15 | 15.6
Fighting       | 3 4 5 6 8 9 11 13 15 17 18 20 21 | 21.0
Shields        | 1 3 5 7 8 9 11 13 14 15 | 15.5
Stealth        | 5 6 7 9 |  9.1
Evocations     | |  0.4

Action                   |  1- 3 |  4- 6 |  7- 9 | 10-12 | 13-15 | 16-18 | 19-21 || total
-------------------------+-------+-------+-------+-------+-------+-------+-------++-------
Melee: Flail             |   109 |    40 |       |   652 |       |       |       ||   801
       Whip              |       |   201 |   430 |       |       |       |       ||   631
       Great mace        |       |     1 |       |       |       |       |       ||     1
       Kick              |       |    16 |   171 |   346 |   643 |   657 |  1440 ||  3273
       Morningstar       |       |       |    58 |   359 |       |       |       ||   417
       Eveningstar       |       |       |       |       |   531 |       |       ||   531
       Demon whip        |       |       |       |       |  1661 |  2876 |  2689 ||  7226
Throw: Stone             |    27 |     5 |     4 |       |       |       |       ||    36
       Javelin           |       |       |       |     2 |       |       |     1 ||     3
Invok: Berserk           |       |     4 |     6 |    13 |     3 |       |       ||    26
       Trog's Hand       |       |     2 |       |    10 |     2 |     5 |     5 ||    24
       Burn Spellbooks   |       |       |     1 |     1 |     2 |     3 |     5 ||    12
       Brothers in Arms  |       |       |       |     4 |     1 |     5 |     3 ||    13
 Abil: Evoke Flight      |       |       |       |     1 |       |       |       ||     1
  Use: Scroll            |     1 |     5 |     3 |    16 |    20 |     7 |     8 ||    60
       Potion            |     1 |     2 |     1 |     3 |     3 |     6 |     1 ||    17
 Stab: Distracted        |       |       |       |     1 |       |       |     5 ||     6
       Invisible         |       |       |       |       |       |     5 |       ||     5
       Confused          |       |       |       |       |       |     4 |       ||     4
       Sleeping          |       |       |       |       |       |       |    12 ||    12
  Eat: Chunk             |     1 |    10 |    21 |    34 |    38 |    28 |    37 ||   169
       Pizza             |       |       |     1 |     5 |       |     4 |     1 ||    11
       Beef jerky        |       |       |       |     4 |     2 |     1 |     3 ||    10
       Fruit             |       |       |       |     1 |       |       |       ||     1
       Royal jelly       |       |       |       |       |     2 |     2 |     1 ||     5
       Bread ration      |       |       |       |       |       |     1 |       ||     1
       Meat ration       |       |       |       |       |       |     1 |       ||     1
Armor: Leather armour    |     6 |       |       |       |       |       |       ||     6
       Ring mail         |    37 |    10 |       |       |       |       |       ||    47
       Scale mail        |       |    84 |       |       |       |       |       ||    84
       Chain mail        |       |     8 |   164 |   168 |       |       |       ||   340
       Plate armour      |       |       |       |   134 |   716 |   598 |   140 ||  1588
       Fire dragon scale |       |       |       |       |       |       |   174 ||   174
Dodge: Dodged            |   113 |   176 |    94 |   196 |   331 |   484 |   554 ||  1948
Block: Shield            |       |       |   137 |   621 |  1484 |  2045 |  1999 ||  6286
       Reflection        |       |       |       |       |    48 |   153 |    95 ||   296
       Large shield      |       |       |       |       |       |    79 |   248 ||   327
